 Dungeon Sprint DCSS version 0.21-a0-278-ga722497 (webtiles) character file.

30 potatolord6000 the Skirmisher (level 3, -2/36 HPs)
             Began as a Hill Orc Fighter on Sept 21, 2017.
             Was a Priest of Beogh.
             Slain by Sigmund
             ... wielding a +0 scythe
              (3 damage)
             ... in the Dungeon (Sprint VII: "The Pits").
             The game lasted 00:01:00 (142 turns).

potatolord6000 the Skirmisher (Hill Orc Fighter)     Turns: 142, Time: 00:01:00

Health: -2/36      AC:  7    Str: 24    XL:     3   Next: 18%
Magic:  5/5        EV:  7    Int:  8    God:    Beogh [***...]
Gold:   0          SH: 10    Dex: 10    Spells: 2/2 levels left

rFire    . . .     SeeInvis .   a - +0 war axe
rCold    . . .     Gourm    .   c - +0 shield
rNeg     . . .     Faith    .   b - +0 scale mail
rPois    .         Spirit   .   (no helmet)
rElec    .         Reflect  .   (no cloak)
rCorr    .         Harm     .   (no gloves)
MR       .....     NoTele   +   (no boots)
Stlth    ..........             (no amulet)
HPRegen  0.12/turn              (no ring)
MPRegen  0.09/turn              (no ring)

@: mighty, berserk cooldown, slowed, very slow
A: no striking features
a: Smiting, Renounce Religion


You were in the Dungeon.
You worshipped Beogh.
Beogh was most pleased with you.
You were not hungry.

You visited 1 branch

Inventory:

Hand Weapons
 a - a +0 war axe (weapon)
Armour
 b - a +0 scale mail (worn)
 c - a +0 shield (worn)
Scrolls
 k - a scroll of blinking
 m - 3 scrolls of remove curse
 n - 5 scrolls of amnesia
 o - a scroll of summoning
Potions
 i - 4 potions of magic
 j - 2 potions of berserk rage
 l - 2 potions of invisibility
Comestibles
 f - 8 bread rations
 p - 40 fruits
 q - 7 meat rations


   Skills:
 + Level 5.1 Fighting
 + Level 4.5 Axes
 + Level 4.2 Armour
 + Level 4.2 Shields
 + Level 3.1 Invocations


You had 2 spell levels left.
You didn't know any spells.

Dungeon Overview and Level Annotations

Branches:
Dungeon (1/1)

Altars:
Ashenzari
Cheibriados
Dithmenos
Elyvilon
Fedhas
Gozag
Hepliaklqana
Kikubaaqudgha
Makhleb
Nemelex Xobeh
Okawaru
Qazlal
Ru
Sif Muna
Trog
Uskayaw
Vehumet
Wu Jian
Xom
Yredelemnul
Zin
The Shining One
Beogh
Jiyva
Lugonu

Annotations:
D Sigmund


Message History

Sigmund flickers and vanishes!
Deactivating autopickup; reactivate with Ctrl-A.
Unknown command.
You closely miss something. Something hits you but does no damage.
Unknown command.
Your shield and scale mail prevent you from hitting something.
Something hits you but does no damage.
Unknown command.
You barely miss something.
Unknown command.
You miss something.
You are no longer berserk.
You are exhausted.
You feel yourself slow down. Something hits you.
Unknown command.
You slash something! Something hits you!
* * * LOW HITPOINT WARNING * * *
Unknown command.
You closely miss something. Something hits you.
You die...

##########.##..........
#..........)'..........
#+#####'#####......#..#
#.)#..# #..........
#..†..# ####'#####+
#..#### #.......#
#..#..# #.......#
#..#.{# #.......#
##'#@.#+###...<...#
#...†....##.......#
#........##.......#
###########.......#
#########


There were no monsters in sight!

Vanquished Creatures
  A gnoll (D)
  An ufetubus (D)
  An adder skeleton (D)
  An orc (D)
  A giant cockroach (D)
  A hobgoblin (D)
  3 jackals (D)
  A frilled lizard (D)
  A goblin (D)
11 creatures vanquished.

Notes
Turn   | Place    | Note
-------+----------+-------------------------------------------
     0 | D        | potatolord6000 the Hill Orc Fighter began the quest for the Orb.
     0 | D        | Reached XP level 1. HP: 19/19 MP: 1/1
    42 | D        | Found a bloodstained altar of Trog.
    42 | D        | Found a deep blue altar of Sif Muna.
    42 | D        | Found a viscous altar of Jiyva.
    42 | D        | Found a hazy altar of Hepliaklqana.
    42 | D        | Found an opulent altar of Gozag.
    43 | D        | Found a glowing golden altar of the Shining One.
    43 | D        | Found a glowing silver altar of Zin.
    43 | D        | Found a basalt altar of Yredelemnul.
    43 | D        | Found a shimmering altar of Xom.
    43 | D        | Found an ornate altar of the Wu Jian Council.
    43 | D        | Found a sacrificial altar of Ru.
    43 | D        | Found a stormy altar of Qazlal.
    43 | D        | Found an iron altar of Okawaru.
    43 | D        | Found a sparkling altar of Nemelex Xobeh.
    43 | D        | Found a burning altar of Makhleb.
    43 | D        | Found a blossoming altar of Fedhas.
    43 | D        | Found a white marble altar of Elyvilon.
    43 | D        | Found a shadowy altar of Dithmenos.
    43 | D        | Found a snail-covered altar of Cheibriados.
    45 | D        | Found a radiant altar of Vehumet.
    45 | D        | Found a corrupted altar of Lugonu.
    45 | D        | Found a roughly hewn altar of Beogh.
    47 | D        | Found an ancient bone altar of Kikubaaqudgha.
    47 | D        | Found a hide-covered altar of Uskayaw.
    47 | D        | Found a shattered altar of Ashenzari.
    55 | D        | Became a worshipper of Beogh the Brigand
    77 | D        | Reached skill level 4 in Fighting
    77 | D        | Reached skill level 1 in Invocations
    95 | D        | Reached * piety under Beogh
    99 | D        | Reached XP level 2. HP: 8/28 MP: 3/3
   113 | D        | Noticed Sigmund
   116 | D        | Reached ** piety under Beogh
   116 | D        | Reached skill level 5 in Fighting
   116 | D        | Reached XP level 3. HP: 31/36 MP: 3/5
   132 | D        | Reached *** piety under Beogh
   141 | D        | HP: 1/36 [something (10)]
   142 | D        | Slain by Sigmund

Vault maps used:
D:        pitsprint

Skill      XL: |  1  2  3 |
---------------+----------+-----
Fighting       | 4 5 |  5.1
Axes           | 3 4 |  4.5
Invocations    | 2 3 |  3.1
Armour         | 4 |  4.2
Shields        | 4 |  4.2

Action                   || total
-------------------------++-------
Melee: War axe           ||    50
  Use: Potion            ||     5
Armor: Scale mail        ||    36
Dodge: Dodged            ||    10
Block: Shield            ||    35

Table legend:
 A = Spawn XP
 B = Non-spawn XP
 C = Spawn XP percentage of total XP
 D = Spawn monster count
 E = Non-spawn monster count
 F = Spawn count percentage of total count
 G = Total turns spent on level
                    A         B        C        D         E        F      G
               +---------+---------+-------+---------+---------+-------+---------
         Total |       0 |      43 |   0.0 |       0 |      11 |   0.0 |   142
               +---------+---------+-------+---------+---------+-------+---------
             D |       0 |      43 |   0.0 |       0 |      11 |   0.0 |   142
               +---------+---------+-------+---------+---------+-------+---------
